 Dungeon Crawl Stone Soup version 0.24-a0-535-gbb0d440 (webtiles) character file.

Game seed: 6083218278501293117

152254 Faca the Severer (level 17, -2/159 HPs)
             Began as a Hill Orc Monk on Aug 9, 2019.
             Was the Champion of Beogh.
             Blown up by an orb spider (40 damage)
             ... with an orb of destruction
             ... on level 1 of the Spider Nest.
             The game lasted 02:11:00 (44159 turns).

Faca the Severer (Hill Orc Monk)                   Turns: 44159, Time: 02:11:01

Health: -2/159     AC: 21    Str: 21    XL:     17   Next: 28%
Magic:  26/26      EV: 12    Int: 14    God:    Beogh [******]
Gold:   3766       SH: 18    Dex: 13    Spells: 16/16 levels left

rFire    . . .     SeeInvis +   p - +1 broad axe "Ybbyc" {elec, Int+4 SInv}
rCold    . . .     Gourm    .   H - +2 shield
rNeg     + . .     Faith    .   f - +0 swamp dragon scales
rPois    +         Spirit   .   k - +1 helmet
rElec    +         Reflect  +   J - +2 cloak {MR+}
rCorr    .         Harm     .   F - +0 pair of gloves
MR       +++..                  L - +0 pair of boots
Stlth    +.........             h - +2 amulet of reflection
HPRegen  0.36/turn              o - ring "Meocsij" {rElec rN+}
MPRegen  0.20/turn              y - ring of protection from magic

@: no status effects
A: walk on water
}: 1/15 runes: decaying
a: Smiting, Recall Orcish Followers, Give Item to Named Follower, Resurrection,
Renounce Religion


You were on level 1 of the Spider Nest.
You worshipped Beogh.
Beogh was exalted by your worship.
You were not hungry.

You visited 5 branches of the dungeon, and saw 27 of its levels.
You also visited: Bailey, Gauntlet and Ice Cave.

You collected 4012 gold pieces.
You spent 246 gold pieces at shops.

Inventory:

Hand Weapons
 p - the +1 broad axe "Ybbyc" (weapon) {elec, Int+4 SInv}
   (You found it in a Gauntlet)

   Occasionally, upon striking a foe, it will discharge some electrical energy
   and cause terrible harm.
   It affects your intelligence (+4).
   It lets you see invisible.
 V - a +1 morningstar of protection
Missiles
 t - 39 poisoned darts (quivered)
 u - a throwing net
 w - 3 atropa-tipped darts
 K - 20 curare-tipped darts
Armour
 e - +0 ice dragon scales
 f - +0 swamp dragon scales (worn)
 k - a +1 helmet (worn)
 C - a +1 chain mail of fire resistance
 F - a +0 pair of gloves (worn)
 G - the +6 chain mail of the Zebra {rElec}
   (You found it on level 4 of the Lair of Beasts)

   It insulates you from electricity.
 H - a +2 shield (worn)
 J - a +2 cloak of magic resistance (worn)
 L - a +0 pair of boots (worn)
Jewellery
 h - a +2 amulet of reflection (around neck)
 o - the ring "Meocsij" (left hand) {rElec rN+}
   (You found it in a Gauntlet)

   [ring of positive energy]

   It insulates you from electricity.
   It protects you from negative energy.
 y - a ring of protection from magic (right hand)
 A - the ring "Lafajesm" {rF++ rN+ Str-4}
   (You found it on level 2 of the Swamp)

   [ring of positive energy]

   It affects your strength (-4).
   It greatly protects you from fire.
   It protects you from negative energy.
Wands
 x - a wand of flame (36)
 z - a wand of iceblast (18)
 D - a wand of paralysis (16)
 O - a wand of acid (26)
 U - a wand of clouds (3)
 W - a wand of scattershot (4)
Scrolls
 b - 6 scrolls of teleportation
 d - 15 scrolls of remove curse
 l - 6 scrolls of fog
 B - 4 scrolls of fear
 E - 3 scrolls of enchant weapon
 R - 2 scrolls of blinking
 S - a scroll of magic mapping
 T - a scroll of holy word
Potions
 a - a potion of mutation
 g - 2 potions of agility
 i - 10 potions of curing
 m - 4 potions of resistance
 n - a potion of haste
 q - a potion of ambrosia
 r - 3 potions of might
 s - 3 potions of cancellation
 v - 2 potions of lignification
 I - 2 potions of magic
 M - 2 potions of flight
 N - 2 potions of invisibility
 P - 3 potions of brilliance
Comestibles
 c - 55 rations
 Q - a chunk of flesh


   Skills:
 - Level 16.3 Fighting
 - Level 18.6 Axes
 + Level 14.7 Armour
 - Level 2.4 Dodging
 - Level 1.5 Stealth
 + Level 16.0 Shields
 + Level 13.2 Invocations


You had 16 spell levels left.
You didn't know any spells.
Your spell library contained the following spells:

 Spells                   Type           Power        Failure   Level  Hunger
 Animate Skeleton         Necr           N/A          38%         1    ##.....
 Freeze                   Ice            #...         38%         1    ##.....
 Magic Dart               Conj           #...         38%         1    ##.....
 Pain                     Necr           #...         38%         1    ##.....
 Blink                    Tloc           N/A          52%         2    ###....
 Call Imp                 Summ           #.......     52%         2    ###....
 Slow                     Hex            #.......     52%         2    ###....
 Throw Frost              Conj/Ice       #.....       52%         2    ###....
 Conjure Flame            Conj/Fire      #.......     77%         3    ####...
 Ignite Poison            Fire/Tmut/Pois #.......     77%         3    ####...
 Mephitic Cloud           Conj/Pois/Air  #.......     77%         3    ####...
 Ozocubu's Armour         Chrm/Ice       #.......     77%         3    ####...
 Regeneration             Chrm/Necr      #.........   77%         3    ####...
 Vampiric Draining        Necr           #.........   77%         3    ####...
 Animate Dead             Necr           N/A          99%         4    #####..
 Summon Ice Beast         Ice/Summ       #.......     99%         4    #####..
 Throw Icicle             Conj/Ice       #.......     99%         4    #####..
 Bolt of Magma            Conj/Fire/Erth #.........   100%        5    ######.
 Fireball                 Conj/Fire      #.........   100%        5    ######.
 Iskenderun's Battlesphe  Conj/Chrm      #.......     100%        5    ######.
 Venom Bolt               Conj/Pois      #.........   100%        5    ######.
 Bolt of Fire             Conj/Fire      #.........   100%        6    #######
 Iron Shot                Conj/Erth      #.........   100%        6    #######
 Orb of Destruction       Conj           #.........   100%        7    #######
 Ring of Flames           Chrm/Fire      #.........   100%        7    #######
 Spellforged Servitor     Conj/Summ      #.........   100%        7    #######
 Ignition                 Fire           #.........   100%        8    #######


Dungeon Overview and Level Annotations

Branches:
Dungeon (14/15)            Temple (0/1) D:6            Lair (6/6) D:8
  Swamp (4/4) Lair:2       Spider (1/4) Lair:4        Slime (0/5) Lair:5
    Orc (2/2) D:9             Elf (0/3) Orc:2        Vaults (0/5) D:14

Altars:
Ashenzari
Dithmenos
Fedhas
Hepliaklqana
Makhleb
Nemelex Xobeh
Sif Muna
Trog
Uskayaw
Wu Jian
Xom
Zin
The Shining One
Beogh

Shops:
D:7 !   D:9 *   Orc:1 }   Orc:2 =[(*

Annotations:
D:4 Menkaure
Lair:3 exclusion: oklob plant
Lair:4 exclusion: oklob plant
Lair:5 exclusion: 2 oklob plants


Message History

The orb spider weaves a glowing orb of energy.
An orb of destruction comes into view.
Your orc knight closely misses the orb spider.
Your orc knight hits the orb spider!
The orb spider bites your orc knight but does no damage.
The orb spider spins a strand of pure energy.
Your orc knight closely misses the orb spider.
Your orc knight hits the orb spider!
Your orc knight hits the orb spider!!
The orb spider weaves a glowing orb of energy.
The orb of destruction hits the orb spider!!!
The orb spider is blown up!
An orb of destruction comes into view.
Your orc knight hits the orb spider.
The orb spider dies!
Beogh accepts your kill.
A tarantella comes into view.
A redback comes into view. x2
The orb of destruction hits you!!!
You die...

......^........°...........
.......†o...........[."....
........°........^.........
........○..................
.....%†..s.................
.........○.................
.........☼.................
.........☼.%............†..
..........@................
............^.............^
...........................
...........................
..........s..s.............
........^...s...............
........................^...
.................)..........
........^................##.


You could see an orb spider, a tarantella, 2 redbacks and a friendly orc knight.

Vanquished Creatures
  A bone dragon (Swamp:4)
  2 thorn hunters
  A minotaur (Gauntlet)
  2 vault guards (D:14)
  13 hydras
  2 ice dragons (IceCv)
  3 catoblepae
  3 merfolk avatars (Swamp:4)
  5 ghost crabs (Swamp:4)
  A shambling mangrove (Swamp:3)
  A death knight (D:12)
  10 alligators
  10 two-headed ogres
  9 death yaks
  An ogre mage (Orc:1)
  A tengu warrior (D:14)
  Sonja (Lair:3)
  A skeletal warrior (D:12)
  4 unseen horrors
  A spriggan druid (Swamp:2)
  2 swamp dragons
  A death drake (Swamp:2)
  6 spectral hydras
  An orc knight (Orc:2)
  2 orc sorcerers (Orc:2)
  A necromancer (Swamp:2)
  3 wolf spiders (Spider:1)
  3 ugly things
  An oklob plant (Swamp:4)
  A moth of wrath (Spider:1)
  6 elephants (Lair:4)
  Joseph (D:7)
  2 ice statues (IceCv)
  3 black mambas
  A torpor snail (Gauntlet)
  13 spiny frogs
  2 gargoyles (Gauntlet)
  A redback zombie (D:14)
  4 komodo dragons
  A freezing wraith (D:12)
  5 rime drakes
  7 swamp worm zombies
  7 trolls
  6 hydra zombies (Swamp:4)
  11 tyrant leeches
  3 meliai (D:13)
  11 polar bears
  5 dream sheep (Lair:6)
  A wolf spider simulacrum (D:13)
  2 raiju (Lair:6)
  4 spectral swamp dragons
  5 hornets
  5 jumping spiders
  12 blink frogs
  7 hippogriffs
  11 bog bodies
  4 alligator zombies
  15 redbacks
  3 tarantellas (Spider:1)
  2 spriggans (Swamp:3)
  4 wraiths
  A shadow (Swamp:1)
  5 basilisks
  25 yaks
  A human (D:11)
  2 wyverns
  A hog (D:11)
  4 tyrant leech zombies (Swamp:2)
  Grum (D:9)
  9 vampire mosquitoes
  6 spiny frog zombies (Swamp:2)
  5 wargs
  26 insubstantial wisps
  9 swamp worms
  10 water moccasins
  7 porcupines
  15 hell hounds (Lair:6)
  10 orc warriors
  Duvessa (D:7)
  8 swamp drakes
  3 eyes of draining
  4 sky beasts (D:10)
  10 phantoms
  A swamp dragon zombie (Swamp:4)
  15 black bears
  22 ice beasts
  22 wolves
  A necrophage (D:12)
  6 centaurs
  21 ogres
  18 crocodiles
  A big kobold (D:8)
  15 bullfrogs
  Blork the orc (D:4)
  Dowan (D:7)
  2 troll zombies (Swamp:2)
  4 scorpions
  A spriggan zombie (Swamp:2)
  4 howler monkeys
  8 wights
  A bullfrog zombie (D:2)
  3 crimson imps
  13 jellies
  A quasit (D:12)
  13 hounds
  5 centaur skeletons
  A centaur zombie (D:10)
  A bullfrog skeleton (D:4)
  Ijyb (D:5)
  6 iguanas
  2 spectral swamp drakes (Swamp:4)
  6 worker ants
  10 orc wizards
  A hell rat (D:8)
  An ogre zombie (Orc:1)
  A hound skeleton (D:4)
  2 worker ant zombies
  4 gnolls
  2 river rats (D:8)
  A swamp drake zombie (Swamp:4)
  9 adders
  4 shadow imps
  9 oozes
  An adder zombie (D:6)
  4 worms
  2 dart slugs (D:1)
  A leopard gecko (D:6)
  13 orcs
  A ball python (D:2)
  4 giant cockroaches
  11 goblins
  6 hobgoblins
  13 jackals
  17 kobolds
  8 quokkas
  A ball python skeleton (D:6)
  8 bats
  4 frilled lizards
  A quokka skeleton (D:4)
  A quokka zombie (D:5)
  10 rats
  4 briar patches (Swamp:4)
  4 fungi
  4 plants (Lair:6)
  2 withered plants (Swamp:2)
780 creatures vanquished.

Vanquished Creatures (collateral kills)
  An orc warlord (Orc:2)
  A rakshasa (D:14)
  2 vault guards (D:14)
  2 centaur warriors (D:14)
  3 two-headed ogres
  A skeletal warrior (D:12)
  A spectral hydra (Swamp:2)
  An unseen horror (D:12)
  A phantasmal warrior (Swamp:2)
  3 orb spiders (Spider:1)
  An orc sorcerer (Orc:1)
  4 orc knights
  2 ugly things
  A wolf spider (Spider:1)
  A manticore (shapeshifter) (D:12)
  2 black mambas (Lair:3)
  2 centaur skeletons (D:11)
  2 komodo dragons
  A swamp worm zombie (Swamp:2)
  A hornet (D:13)
  3 hippogriffs
  3 trolls
  2 blink frogs (Lair:3)
  A shadow (D:12)
  A redback (Spider:1)
  3 yaks
  A basilisk (D:14)
  2 wargs (Orc:2)
  3 vampire mosquitoes
  An insubstantial wisp (Swamp:4)
  7 orc warriors
  4 ice beasts
  3 ogres
  A phantom (D:12)
  A centaur (D:11)
  A wolf (Lair:3)
  A crocodile (Lair:3)
  A bullfrog (D:14)
  A big kobold (D:11)
  A wyvern skeleton (D:13)
  2 troll zombies (Swamp:2)
  A wight (D:11)
  A bullfrog zombie (D:11)
  4 hounds
  3 jellies (Lair:3)
  2 orc wizards
  3 orc priests
  A bullfrog skeleton (D:13)
  An adder (D:11)
  6 oozes (Lair:3)
  6 orcs
  A kobold (D:11)
105 creatures vanquished.

Vanquished Creatures (others)
  A centaur warrior (D:13)
  2 orc knights
  An orb spider (Spider:1)
  An orc sorcerer (Orc:2)
  A jumping spider (Spider:1)
  A tyrant leech (Swamp:1)
  A redback (Spider:1)
  A swamp worm (Swamp:4)
  3 insubstantial wisps (Swamp:4)
  A swamp drake (Swamp:1)
  10 orc priests
  15 orc warriors
  7 orc wizards
  25 orcs
  7 briar patches (Swamp:4)
  9 fungi
  14 plants
100 creatures vanquished.

Grand Total: 985 creatures vanquished

Notes
Turn   | Place    | Note
-------+----------+-------------------------------------------
     0 | D:1      | Faca the Hill Orc Monk began the quest for the Orb.
     0 | D:1      | Reached XP level 1. HP: 19/19 MP: 1/1
   418 | D:1      | Reached XP level 2. HP: 25/27 MP: 2/2
  1072 | D:1      | Reached XP level 3. HP: 34/34 MP: 3/3
  1625 | D:2      | Reached skill level 5 in Axes
  1935 | D:2      | Reached XP level 4. HP: 37/41 MP: 4/4
  2247 | D:2      | Reached skill level 5 in Fighting
  2466 | D:3      | Reached XP level 5. HP: 48/48 MP: 5/5
  2615 | D:3      | Reached skill level 6 in Axes
  2679 | D:3      | Noticed a +0 hand axe
  2680 | D:3      | Noticed a +0 dagger
  2695 | D:3      | Found a hide-covered altar of Uskayaw.
  3373 | D:4      | Reached XP level 6. HP: 34/57 MP: 3/6
  3375 | D:4      | Noticed Blork the orc
  3786 | D:4      | Noticed a phantom
  3805 | D:4      | Killed Blork the orc
  3805 | D:4      | Reached skill level 7 in Axes
  4272 | D:4      | Noticed Menkaure
  4603 | D:3      | Killed a phantom
  4603 | D:3      | Reached XP level 7. HP: 53/66 MP: 5/7
  4938 | D:4      | Reached skill level 8 in Axes
  5174 | D:5      | Entered Level 5 of the Dungeon
  5330 | D:5      | Found a deep blue altar of Sif Muna.
  5583 | D:5      | Noticed Ijyb
  5987 | D:5      | Killed Ijyb
  6063 | D:5      | Found a shimmering altar of Xom.
  6098 | D:5      | Reached skill level 9 in Axes
  6098 | D:5      | Reached XP level 8. HP: 52/75 MP: 3/8
  6592 | D:6      | Became a worshipper of Beogh the Brigand
  6592 | D:6      | Reached * piety under Beogh
  6592 | D:6      | Reached ** piety under Beogh
  6730 | D:6      | Found a staircase to the Ecumenical Temple.
  8112 | D:7      | Found a sparkling altar of Nemelex Xobeh.
  8150 | D:7      | Noticed Joseph
  8171 | D:7      | Killed Joseph
  8171 | D:7      | Reached skill level 10 in Axes
  8479 | D:7      | Found Juptaix's Distillery.
  8485 | D:7      | Bought a potion of degeneration for 15 gold pieces
  8514 | D:7      | Noticed Duvessa
  8537 | D:7      | Killed Duvessa
  8538 | D:7      | Noticed Dowan
  8543 | D:7      | Killed Dowan
  8543 | D:7      | Reached skill level 10 in Fighting
  8543 | D:7      | Reached XP level 9. HP: 78/85 MP: 9/9
  8917 | D:7      | Reached skill level 11 in Axes
  9011 | D:7      | Found a glowing golden altar of the Shining One.
  9948 | D:8      | Noticed a death yak
  9948 | D:8      | Noticed a death yak
 10483 | D:8      | Reached skill level 12 in Axes
 10642 | D:8      | Noticed a death yak
 10938 | D:8      | Reached skill level 1 in Armour
 10938 | D:8      | Reached skill level 1 in Invocations
 11293 | D:8      | Found a staircase to the Lair.
 11340 | D:8      | Noticed a troll
 11917 | D:8      | Found a hazy altar of Hepliaklqana.
 11929 | D:8      | Reached XP level 10. HP: 84/96 MP: 12/12
 12015 | D:8      | Found a shadowy altar of Dithmenos.
 12017 | D:8      | Found an ornate altar of the Wu Jian Council.
 12018 | D:8      | Found a glowing silver altar of Zin.
 12789 | D:9      | Found a staircase to the Orcish Mines.
 12812 | D:9      | Reached skill level 13 in Axes
 13131 | D:9      | Found a bloodstained altar of Trog.
 13149 | D:9      | Reached *** piety under Beogh
 13151 | D:9      | Reached skill level 1 in Shields
 13275 | D:9      | Reached skill level 5 in Invocations
 13423 | D:9      | Found a shattered altar of Ashenzari.
 13423 | D:9      | Found a burning altar of Makhleb.
 13429 | D:9      | Found a blossoming altar of Fedhas.
 13431 | D:9      | Found a faded altar of an unknown god.
 13433 | D:9      | Found a faded altar of an unknown god.
 13511 | D:9      | Noticed Grum
 13518 | D:9      | Killed Grum
 13525 | D:9      | Reached skill level 5 in Armour
 13805 | D:9      | Found Eraceok's Assorted Antiques.
 13813 | D:9      | Bought 2 scrolls labeled NETWIBA NUOSM for 42 gold pieces
 13813 | D:9      | Bought a glowing cloak for 157 gold pieces
 13950 | D:10     | Entered Level 10 of the Dungeon
 14569 | D:10     | Reached XP level 11. HP: 99/102 MP: 16/16
 14677 | D:10     | Noticed a two-headed ogre
 14699 | D:10     | Killed a two-headed ogre
 14699 | D:10     | Reached skill level 5 in Shields
 15205 | D:10     | Killed an unseen horror
 15473 | D:11     | Noticed a cyan ugly thing
 15579 | D:11     | Reached **** piety under Beogh
 16115 | D:8      | Killed a death yak
 16137 | D:7      | Killed a death yak
 16390 | Lair:1   | Entered Level 1 of the Lair of Beasts
 16888 | Lair:1   | Noticed a seven-headed hydra
 16900 | Lair:1   | Killed a seven-headed hydra
 16900 | Lair:1   | Reached skill level 10 in Invocations
 17091 | Lair:1   | Noticed a six-headed hydra
 17103 | Lair:1   | Killed a six-headed hydra
 17103 | Lair:1   | Reached XP level 12. HP: 73/110 MP: 16/19
 17459 | Lair:1   | Noticed a seven-headed hydra
 17475 | Lair:1   | Killed a seven-headed hydra
 18055 | Lair:1   | Noticed a five-headed hydra
 18068 | Lair:1   | Killed a five-headed hydra
 18875 | Lair:2   | Found a staircase to the Swamp.
 19859 | Lair:3   | Reached skill level 10 in Armour
 19907 | Lair:3   | Reached skill level 14 in Axes
 19953 | Lair:3   | Found a frozen archway.
 20006 | IceCv    | Entered an ice cave
 20944 | IceCv    | Noticed an ice dragon
 20944 | IceCv    | Noticed an ice dragon
 21337 | IceCv    | Killed an ice dragon
 21337 | IceCv    | Reached skill level 10 in Shields
 21582 | IceCv    | Killed an ice dragon
 21736 | Lair:3   | You fall into a shaft and drop 1 floor!
 21739 | Lair:4   | Got a polished chain mail
 21758 | Lair:4   | Reached XP level 13. HP: 115/118 MP: 20/20
 21783 | Lair:4   | Identified the +6 chain mail of the Zebra {rElec} (You
                  | found it on level 4 of the Lair of Beasts)
 21971 | Lair:4   | Reached skill level 15 in Axes
 22951 | Lair:3   | Noticed Sonja
 22963 | Lair:3   | Killed Sonja
 24860 | Lair:4   | Found a hole to the Spider Nest.
 25162 | Lair:5   | Found a staircase to the Slime Pits.
 25687 | Lair:6   | Entered Level 6 of the Lair of Beasts
 25713 | Lair:6   | Reached skill level 16 in Axes
 26357 | Lair:6   | Reached XP level 14. HP: 106/130 MP: 21/21
 27349 | Lair:6   | Reached ***** piety under Beogh
 28956 | Orc:1    | Entered Level 1 of the Orcish Mines
 28971 | Orc:1    | Found a flagged portal.
 29011 | Bailey   | Entered a bailey
 29630 | Orc:1    | Gained Olfik as an ally
 29647 | Orc:1    | Reached skill level 17 in Axes
 30291 | Orc:1    | Found Totwauff's Gadget Shoppe.
 30384 | Orc:2    | Entered Level 2 of the Orcish Mines
 30419 | Orc:2    | Noticed an orc warlord
 30437 | Orc:2    | Killed an orc warlord
 30437 | Orc:2    | Gained Norbak as an ally
 30450 | Orc:2    | Your ally Norbak died
 30456 | Orc:2    | Reached ****** piety under Beogh
 31026 | Orc:2    | Found a staircase to the Elven Halls.
 31083 | Orc:2    | Found a roughly hewn altar of Beogh.
 31178 | Orc:2    | Found a roughly hewn altar of Beogh.
 31186 | Orc:2    | Found Zastruar's Jewellery Boutique.
 31225 | Orc:2    | Bought a cursed amulet of inaccuracy for 32 gold pieces
 31237 | Orc:2    | Found Ehaxaoff's Antique Weapon Boutique.
 31254 | Orc:2    | Found Huiluj's General Store.
 31270 | Orc:2    | Found Cozedgh's Antique Armour Boutique.
 31682 | D:11     | Reached skill level 15 in Fighting
 32137 | D:11     | Reached XP level 15. HP: 136/141 MP: 22/22
 32175 | D:11     | Gained Bladwarg as an ally
 32690 | D:12     | Gained Zartorak as an ally
 33640 | D:13     | Gained Orgrim as an ally
 34476 | D:14     | Your ally Orgrim died
 34567 | D:14     | Found a gate leading to a gauntlet.
 34571 | D:14     | Reached skill level 18 in Axes
 34587 | Gauntlet | Entered a Gauntlet
 34587 | Gauntlet | Found a transporter.
 34594 | Gauntlet | Found a transporter.
 34596 | Gauntlet | Found a transporter.
 34612 | Gauntlet | Found a transporter.
 34615 | Gauntlet | Found a transporter.
 34621 | Gauntlet | Found a transporter.
 34637 | Gauntlet | Found a transporter.
 34647 | Gauntlet | Found a transporter.
 34657 | Gauntlet | Found a transporter.
 34677 | Gauntlet | Found a transporter.
 34677 | Gauntlet | Found a transporter.
 34679 | Gauntlet | Found a transporter.
 34702 | Gauntlet | Found a transporter.
 34726 | Gauntlet | Found a transporter.
 35162 | Gauntlet | Got a smoking broad axe
 35163 | Gauntlet | Identified the cursed +1 broad axe "Ybbyc" {elec, Int+4
                  | SInv} (You found it in a Gauntlet)
 35333 | Gauntlet | Got a scorched granite ring
 35548 | Gauntlet | Identified the ring "Meocsij" {rElec rN+} (You found it in
                  | a Gauntlet)
 35804 | D:14     | Found a gate to the Vaults.
 36295 | Swamp:1  | Entered Level 1 of the Swamp
 36403 | Swamp:1  | Noticed a thorn hunter
 36418 | Swamp:1  | Killed a thorn hunter
 36594 | Swamp:1  | Reached XP level 16. HP: 113/151 MP: 23/23
 38179 | Swamp:2  | Gained Borgoth as an ally
 38728 | Swamp:2  | Gained Wargrak as an ally
 38981 | Swamp:2  | Your ally Wargrak died
 39170 | Swamp:2  | Got a vibrating jade ring
 39443 | Swamp:2  | Identified the ring "Lafajesm" {rF++ rN+ Str-4} (You found
                  | it on level 2 of the Swamp)
 39638 | Swamp:2  | Gained Zartorak as an ally
 39691 | Swamp:2  | Upgraded the game from 0.24-a0-530-g18ba70b5 to
                  | 0.24-a0-535-gbb0d440
 40113 | Swamp:3  | Reached skill level 15 in Shields
 40700 | Swamp:4  | Entered Level 4 of the Swamp
 42049 | Swamp:4  | Noticed a thorn hunter
 42110 | Swamp:4  | Killed a thorn hunter
 42584 | Swamp:4  | Reached XP level 17. HP: 118/159 MP: 26/26
 42723 | Swamp:4  | Noticed a bone dragon
 42762 | Swamp:4  | Killed a bone dragon
 43251 | Swamp:4  | Gained Borgun as an ally
 43523 | Swamp:4  | Got a decaying rune of Zot
 43796 | Spider:1 | Entered Level 1 of the Spider Nest
 44159 | Spider:1 | Blown up by an orb spider

Levels and vault maps discovered:
D:1:      psy_arrival_dodecagon, layout_loops_corners, minmay_door_square
D:2:      layout_basic
D:3:      layout_basic, dancing_weapons_uskayaw
D:4:      layout_basic, first_ration, st_stairs_14, uniq_menkaure,
          uniq_blork_the_orc
D:5:      layout_rooms, nicolae_overflow_crystal_walls, xom_teletrap_fun,
          uniq_ijyb
D:6:      layout_layer_cave, minmay_temple_entry_offerings, chequers_mini_garden
D:7:      layout_loops_cross, nicolae_tso_carved_into_rock,
          lemuel_crystal_altar, serial_shops, shop, uniq_duvessa, uniq_joseph
D:8:      layout_gridville, grunt_temple_overflow_open, dpeg_lair_monsters,
          nicolae_straight_to_the_point
D:9:      layout_irregular_city, chequers_temple_overflow_minitemple,
          trog_ov_bears_minmay, serial_shops, shop, uniq_grum
D:10:     layout_long_grid
D:11:     layout_basic, grunt_livestock
D:12:     layout_rooms
D:13:     layout_roguey
D:14:     layout_rooms, lightli_vaults_fourway_checkpoint,
          gauntlet_entry_generic
Lair:1:   layout_cave_pods, serial_bayou_pond_b, beast_lair_carwin_6
Lair:2:   layout_misc_corridors, swamp_mist_pool, lemuel_fruit_tree
Lair:3:   lemuel_slime, layout_chaotic_city, portal_ice_cave_entry_ice_beasts,
          minivault_24, grunt_megastairs_5, uniq_sonja
Lair:4:   layout_cave_pods, spider_nest_entry_funnel_web, grunt_megastairs_3
Lair:5:   dpeg_oklob_gauntlet, layout_gridlike, minmay_slime_entry_pillars
Lair:6:   hangedman_lair_caniforms_friends, layout_long_grid,
          infiniplex_staircase_pool_2
Swamp:1:  layout_falls_marsh, evilmike_swamp_ruin_house_6
Swamp:2:  cheibrodos_swamp_mausoleum, layout_basic_swamp,
          nicolae_swamp_very_dense_foliage
Swamp:3:  layout_falls_marsh, hangedman_swamp_cone
Swamp:4:  swamp_pestilence, layout_basic_swamp, grunt_lady_of_the_lake
Spider:1: layout_spider_delve
Orc:1:    lemuel_ogre_cave, layout_caves, enter_bailey_5, serial_shops, shop
Orc:2:    grunt_orc_cross, layout_diamond_mine, basic_altar

Skill      XL: |  1  2  3  4  5  6  7  8  9 10 11 12 13 14 15 16 17 |
---------------+----------------------------------------------------+-----
Fighting       | 4 5 6 7 8 10 11 12 13 15 16 | 16.3
Axes           | 5 6 7 9 10 12 13 14 16 17 18 | 18.6
Armour         | 2 6 8 10 11 12 14 | 14.7
Invocations    | 3 7 10 12 13 | 13.2
Shields        | 4 7 10 12 13 14 15 16 | 16.0
Dodging        | |  2.4
Stealth        | |  1.5

Action                   |  1- 3 |  4- 6 |  7- 9 | 10-12 | 13-15 | 16-18 || total
-------------------------+-------+-------+-------+-------+-------+-------++-------
Melee: Hand axe          |   107 |   234 |   301 |       |       |       ||   642
       War axe           |       |       |   164 |   746 |  1443 |       ||  2353
       Flail             |       |       |       |    56 |    72 |       ||   128
       Broad axe         |       |       |       |       |   104 |   795 ||   899
       Morningstar       |       |       |       |       |     5 |    39 ||    44
Throw: Dart              |       |     4 |    29 |     2 |     2 |       ||    37
Invok: Smiting           |       |       |     2 |    12 |     2 |     1 ||    17
       Convert to Beogh  |       |       |     1 |       |       |       ||     1
Evoke: Wand              |       |       |     2 |     4 |     3 |     8 ||    17
  Use: Scroll            |       |       |    16 |     8 |    12 |     5 ||    41
       Potion            |       |       |       |     3 |     5 |     2 ||    10
 Stab: Sleeping          |     4 |     1 |       |       |       |     1 ||     6
       Distracted        |       |       |       |     2 |     6 |     1 ||     9
       Paralysed         |       |       |       |       |     3 |       ||     3
       Confused          |       |       |       |       |       |     3 ||     3
  Eat: Ration            |     1 |     1 |       |       |     1 |     6 ||     9
       Chunk             |       |     6 |    29 |    32 |    38 |     4 ||   109
Armor: Robe              |     8 |       |       |       |       |       ||     8
       Ring mail         |    13 |    78 |    14 |       |       |       ||   105
       Chain mail        |       |       |   189 |   431 |   689 |    17 ||  1326
       Ice dragon scales |       |       |       |     1 |       |       ||     1
       Swamp dragon scal |       |       |       |       |       |   332 ||   332
Dodge: Dodged            |    66 |   149 |   156 |   192 |   336 |   237 ||  1136
Block: Shield            |       |       |       |   469 |  1077 |   574 ||  2120
       Reflection        |       |       |       |       |    14 |     5 ||    19

Table legend:
 A = Non-vault XP
 B = Vault XP
 C = Vault XP percentage of total XP
 D = Non-vault monster count
 E = Vault monster count
 F = Vault count percentage of total count
                 A         B        C        D         E       F
            +---------+---------+-------+---------+---------+-------
      Total |  120212 |   78723 |  39.6 |     580 |     298 |  33.9
            +---------+---------+-------+---------+---------+-------
        D:1 |      37 |       0 |   0.0 |      22 |       0 |   0.0
        D:2 |     116 |       0 |   0.0 |      24 |       0 |   0.0
        D:3 |     263 |       0 |   0.0 |      21 |       0 |   0.0
        D:4 |     445 |      90 |  16.8 |      16 |       1 |   5.9
        D:5 |     328 |      38 |  10.4 |       6 |       1 |  14.3
        D:6 |     173 |       0 |   0.0 |       6 |       0 |   0.0
        D:7 |    1075 |    1572 |  59.4 |      29 |       4 |  12.1
        D:8 |    2078 |    2400 |  53.6 |      31 |      10 |  24.4
        D:9 |    1784 |     912 |  33.8 |      14 |       7 |  33.3
       D:10 |    4339 |       0 |   0.0 |      34 |       0 |   0.0
       D:11 |    7667 |     830 |   9.8 |      52 |       5 |   8.8
       D:12 |    7373 |       0 |   0.0 |      31 |       0 |   0.0
       D:13 |    3956 |     328 |   7.7 |      19 |       1 |   5.0
       D:14 |    5558 |    4539 |  45.0 |      15 |       9 |  37.5
     Lair:1 |    6031 |     891 |  12.9 |      15 |       9 |  37.5
     Lair:2 |    2221 |       0 |   0.0 |      13 |       0 |   0.0
     Lair:3 |    3983 |    2370 |  37.3 |      19 |      30 |  61.2
     Lair:4 |    9911 |    1180 |  10.6 |      26 |       5 |  16.1
     Lair:5 |    1879 |     172 |   8.4 |       7 |       4 |  36.4
     Lair:6 |    8464 |    9677 |  53.3 |      29 |      56 |  65.9
    Swamp:1 |    9373 |       0 |   0.0 |      14 |       0 |   0.0
    Swamp:2 |   10637 |    9738 |  47.8 |      39 |      35 |  47.3
    Swamp:3 |    7835 |       0 |   0.0 |      23 |       0 |   0.0
    Swamp:4 |   13426 |   16572 |  55.2 |      28 |      44 |  61.1
   Spider:1 |    8048 |       0 |   0.0 |      29 |       0 |   0.0
      Orc:1 |    1018 |    7893 |  88.6 |       8 |      26 |  76.5
      Orc:2 |    2194 |    3222 |  59.5 |      10 |      12 |  54.5
     Bailey |       0 |    1387 | 100.0 |       0 |       7 | 100.0
      IceCv |       0 |    5433 | 100.0 |       0 |      20 | 100.0
   Gauntlet |       0 |    9479 | 100.0 |       0 |      12 | 100.0
            +---------+---------+-------+---------+---------+-------
